 Dungeon Crawl Stone Soup version 0.29-a0-393-g47a863cc1b (webtiles) character file.

Game seed: 13455782069691437405

11770 jlumianski the Cleaver (level 11, -2/87 HPs)
             Began as a Demonspawn Fighter on May 8, 2022.
             Was a Priest of Wu Jian.
             Slain by a skeletal warrior
             ... wielding a +0 battleaxe
              (19 damage)
             ... on level 10 of the Dungeon on May 9, 2022.
             The game lasted 01:04:45 (15229 turns).

jlumianski the Cleaver (Demonspawn Fighter)        Turns: 15229, Time: 01:04:48

Health: -2/87      AC: 20    Str: 20    XL:     11   Next: 53%
Magic:  11/11      EV:  6    Int: 14    God:    Wu Jian [***...]
Gold:   422        SH: 15    Dex: 12    Spells: 10/10 levels left

rFire   + . .      SeeInvis .   x - +5 scimitar "Ozacifuw" {spect, rF+ Int+3}
rCold   + . .      Faith    .   D - +0 kite shield
rNeg    . . .      Spirit   .   o - +0 plate armour
rPois   .          Reflect  +   P - +2 helmet
rElec   .          Harm     .   (cloak unavailable)
rCorr   .          Rampage  .   e - +1 pair of gloves
Will    .....      Clarity  +   b - +0 pair of boots
Stlth   ..........              t - amulet of reflection
HPRegen 0.24/turn               n - ring of protection from cold
MPRegen 0.12/turn               q - ring of flight

@: flying
A: hooves 2, demonic guardian 1, ignite blood 1, weakness stinger 3, clarity,
wild magic 1
a: Renounce Religion, Wall Jump, Serpent's Lash


You were on level 10 of the Dungeon.
You worshipped Wu Jian.
Wu Jian was most pleased with you.
You visited 2 branches of the dungeon, and saw 12 of its levels.

You collected 570 gold pieces.
You spent 148 gold pieces at shops.

Inventory:

Hand Weapons
 a - a +1 war axe
 x - the +5 scimitar "Ozacifuw" (weapon) {spect, rF+ Int+3}
   (You found it on level 10 of the Dungeon)

   When its wielder attacks, the weapon's spirit leaps out and strikes again.
   The spirit shares a part of any damage it takes with its wielder.
   Int:       It affects your intelligence (+3).
   rF:        It protects you from fire.
 E - a +0 flail of protection
Missiles
 h - 8 boomerangs (quivered)
 i - 61 poisoned darts
 r - 4 javelins
 w - 2 atropa-tipped darts
 C - a boomerang of dispersal
 J - 6 curare-tipped darts
Armour
 b - a +0 pair of boots (worn)
 c - a +0 buckler
 e - a +1 pair of gloves (worn)
 o - a +0 plate armour (worn)
 D - a +0 kite shield (worn)
 P - a +2 helmet (worn)
 Y - +0 swamp dragon scales
Jewellery
 f - a ring of ice
 n - a ring of protection from cold (left hand)
 q - a ring of flight (right hand)
 s - an amulet of the acrobat
 t - an amulet of reflection (around neck)
 B - a +6 ring of intelligence
 G - a ring of wizardry
 N - a ring of protection from fire
Wands
 m - a wand of mindburst (5)
 F - a wand of flame (55)
 X - a wand of iceblast (4)
Scrolls
 g - a scroll of amnesia
 j - a scroll of fear
 y - 2 scrolls of enchant weapon
 K - 2 scrolls of poison
 O - 5 scrolls of teleportation
 R - 6 scrolls of identify
Potions
 d - 3 potions of might
 k - a potion of haste
 l - 2 potions of berserk rage
 p - 3 potions of heal wounds
 u - a potion of lignification
 v - a potion of resistance
 z - 3 potions of curing
 A - a potion of cancellation
 V - a potion of invisibility
 Z - 3 potions of attraction


   Skills:
 + Level 8.3 Fighting
 * Level 1.6 Long Blades
 - Level 10.6(10.7) Axes
 + Level 1.0(6.7) Maces & Flails
 + Level 1.3 Throwing
 + Level 7.9 Armour
 + Level 2.7 Dodging
 + Level 1.7 Stealth
 + Level 7.9 Shields


You had 10 spell levels left.
You didn't know any spells.
Your spell library contained the following spells:

 Spells                   Type           Power      Damage    Failure   Level
 Animate Skeleton         Necr           0%         N/A       100%        1
 Beastly Appendage        Tmut           0%         N/A       100%        1
 Magic Dart               Conj           0%         1d3       100%        1
 Pain                     Necr           0%         1d4       100%        1
 Slow                     Hex            0%         N/A       100%        1
 Corpse Rot               Necr/Air       0%         N/A       100%        2
 Poisonous Vapours        Pois/Air       0%         N/A       100%        2
 Searing Ray              Conj           0%         2d4       100%        2
 Wereblood                Tmut           0%         N/A       100%        2
 Confusing Touch          Hex            0%         N/A       100%        3
 Frozen Ramparts          Ice            0%         1d2       100%        3
 Spider Form              Tmut/Pois      0%         N/A       100%        3
 Vampiric Draining        Necr           0%         2d6       100%        3
 Animate Dead             Necr           0%         N/A       100%        4
 Fulminant Prism          Conj/Hex       0%         3d6       100%        4
 Ice Form                 Ice/Tmut       0%         N/A       100%        4
 Summon Ice Beast         Ice/Summ       0%         N/A       100%        4
 Borgnjor's Vile Clutch   Necr/Erth      0%         N/A       100%        5
 Iskenderun's Battlesphe  Conj           0%         2d6       100%        5
 Death Channel            Necr           0%         N/A       100%        6
 Iron Shot                Conj/Erth      0%         9d1       100%        6
 Spellforged Servitor     Conj/Summ      0%         N/A       100%        7


Dungeon Overview and Level Annotations

Branches:
Dungeon (11/15)            Temple (1/1) D:5            Lair (0/6) D:10
    Orc: D:9-12

Altars:
Ashenzari
Cheibriados
Dithmenos
Elyvilon
Fedhas
Gozag
Hepliaklqana
Kikubaaqudgha
Makhleb
Nemelex Xobeh
Okawaru
Qazlal
Ru
Sif Muna
Trog
Uskayaw
Vehumet
Wu Jian
Xom
Yredelemnul
Zin
The Shining One

Shops:
D:6 [   D:7 *

Annotations:
D:6 2 transporters, erylia's ghost, novice HuWn


Innate Abilities, Weirdness & Mutations

You have hoof-like feet.
A weak demonic guardian rushes to your aid.
Your demonic aura sometimes causes spilled blood to erupt in flames.
You have a sharp stinger which inflicts weakening toxins.
You possess an exceptional clarity of mind.
Your spells are a little harder to cast, but a little more powerful.


Message History

The skeletal warrior hits your +5 scimitar "Ozacifuw" {spect, rF+ Int+3} with a +0 battleaxe!!
Your spectral weapon shares its damage with you!
The skeletal warrior hits you but does no damage.
A demonic guardian appears!
You barely miss the skeletal warrior.
The skeletal warrior is heavily damaged.
Your +5 scimitar "Ozacifuw" {spect, rF+ Int+3} hits the skeletal warrior but does no damage.
Your ufetubus barely misses the skeletal warrior.
Your ufetubus hits the skeletal warrior but does no damage.
You block the skeletal warrior's attack.
The skeletal warrior hits your ufetubus with a +0 battleaxe!
Your ufetubus dies!
Your ufetubus disappears in a puff of smoke!
The skeletal warrior closely misses your +5 scimitar "Ozacifuw" {spect, rF+ Int+3}.
You hit the skeletal warrior but do no damage.
Your tail-slap misses the skeletal warrior.
The skeletal warrior is heavily damaged.
Your +5 scimitar "Ozacifuw" {spect, rF+ Int+3} hits the skeletal warrior but does no damage.
You block the skeletal warrior's attack.
The skeletal warrior hits your +5 scimitar "Ozacifuw" {spect, rF+ Int+3} with a +0 battleaxe!
Your +5 scimitar "Ozacifuw" {spect, rF+ Int+3} fades away.
You block the skeletal warrior's attack.
You slash the skeletal warrior!
You tail-slap the skeletal warrior, but do no damage.
The skeletal warrior is almost destroyed.
Your +5 scimitar "Ozacifuw" {spect, rF+ Int+3} hits the skeletal warrior.
You block the skeletal warrior's attack.
The skeletal warrior hits your +5 scimitar "Ozacifuw" {spect, rF+ Int+3} with a +0 battleaxe!
Your spectral weapon shares its damage with you!
You closely miss the skeletal warrior.
The skeletal warrior is almost destroyed.
Your +5 scimitar "Ozacifuw" {spect, rF+ Int+3} barely misses the skeletal warrior.
The skeletal warrior hits you with a +0 battleaxe!!
* * * LOW HITPOINT WARNING * * *
The skeletal warrior hits your +5 scimitar "Ozacifuw" {spect, rF+ Int+3} with a +0 battleaxe!
Your spectral weapon shares its damage with you!
* * * LOW HITPOINT WARNING * * *
A demonic guardian appears!
The skeletal warrior hits you with a +0 battleaxe!!
You die...

..#..........##.####............#
..##...##...##..........#.......#
..##..###....###.....##.....>....
..#...# ##..##.......###.........
###..######..........##)..#...#.#
..##...#.##...............#...###
..##...................#####.##
..####......#.####5##..# ### ..#
##.........@z)#...# ..#
#....<....((#.>...## ###
##........#####....# ..#
##......######...## ..#
##.......#.###### ..#
####..#........#..# ..#
#........)..#.....## ..#
##..................# ###
#....#...#.#........#


You could see a skeletal warrior (ally target), a friendly +5 scimitar
"Ozacifuw" {spect, rF+ Int+3} (summoned) and a friendly white imp (summoned).

Vanquished Creatures
  A hydra (D:10)
  A two-headed ogre (D:10)
  2 skeletal warriors
  2 komodo dragons (D:10)
  Maggie (D:10)
  A troll (D:10)
  A hornet (D:10)
  A shadow (D:10)
  A wraith (D:10)
  3 wyverns
  9 yaks
  Eustachio (D:6)
  Edmund (D:6)
  3 acid dragons
  3 vampire mosquitoes
  A water moccasin (D:7)
  Duvessa (D:6)
  3 orc warriors
  2 sky beasts (D:6)
  An ice beast (D:4)
  3 black bears
  9 centaurs
  A phantom (D:6)
  6 kobold brigands
  2 bullfrogs
  2 necrophages
  2 scorpions
  2 gnoll sergeants
  9 wights
  Dowan (D:6)
  A killer bee (D:10)
  An electric eel (D:7)
  3 howler monkeys (D:8)
  2 hounds (D:5)
  3 jellies
  5 orc priests
  Crazy Yiuf (D:5)
  5 iguanas
  14 orc wizards
  7 gnolls
  6 adders
  A shadow imp (D:5)
  A white imp (D:6)
  4 worms
  2 dart slugs
  29 orcs
  13 endoplasms
  6 giant cockroaches
  9 hobgoblins
  11 jackals
  5 quokkas
  2 ball pythons
  8 bats
  8 frilled lizards
  3 goblins
  25 kobolds
  3 rats
  A bush (D:2)
255 creatures vanquished.

Vanquished Creatures (collateral kills)
  A boulder beetle (D:10)
  A slime creature (D:10)
  An ogre (D:5)
  An orc priest (D:5)
4 creatures vanquished.

Vanquished Creatures (others)
  6 plants
6 creatures vanquished.

Grand Total: 265 creatures vanquished

Notes
Turn   | Place    | Note
-------+----------+-------------------------------------------
     0 | D:1      | jlumianski the Demonspawn Fighter began the quest for the
                  | Orb.
     0 | D:1      | Reached XP level 1. HP: 18/18 MP: 1/1
    75 | D:1      | Reached skill level 2 in Axes
   134 | D:1      | Discovered your monstrous ancestry.
   134 | D:1      | Gained mutation: You have large cloven feet. [demonic
                  | ancestry]
   134 | D:1      | Reached XP level 2. HP: 24/24 MP: 2/2
   718 | D:1      | Gained mutation: You have hoof-like feet. [demonic
                  | ancestry]
   718 | D:1      | Reached XP level 3. HP: 16/29 MP: 3/3
  1868 | D:2      | Found a hide-covered altar of Uskayaw.
  1902 | D:2      | Noticed a black bear
  1906 | D:2      | Killed a black bear
  1907 | D:2      | Reached skill level 3 in Axes
  1907 | D:2      | Gained mutation: You have a small tail. [demonic ancestry]
  1907 | D:2      | Reached XP level 4. HP: 26/36 MP: 4/4
  1907 | D:2      | Reached XP level 5. HP: 29/41 MP: 5/5
  2122 | D:2      | Found a faded altar of an unknown god.
  2836 | D:2      | Gained mutation: You have hidden genetic potential. [potion
                  | of mutation]
  3078 | D:3      | Noticed a black bear
  3088 | D:3      | Killed a black bear
  3089 | D:3      | Reached skill level 4 in Axes
  3089 | D:3      | Gained mutation: You have a tail ending in a sharp stinger.
                  | [demonic ancestry]
  3089 | D:3      | Reached XP level 6. HP: 44/48 MP: 6/6
  3374 | D:4      | Noticed a yak
  3374 | D:4      | Noticed a yak
  3374 | D:4      | Noticed a yak
  3374 | D:4      | Noticed a yak
  3619 | D:4      | Gained mutation: You possess an exceptional clarity of
                  | mind. [hidden potential]
  3667 | D:4      | Identified the +1 spear "Cenaghi" {vorpal, Dex+4}
  3683 | D:4      | Found a bloodstained altar of Trog.
  3855 | D:4      | Killed a yak
  3856 | D:4      | Reached skill level 5 in Axes
  3856 | D:4      | Gained mutation: Your demonic aura sometimes causes spilled
                  | blood to erupt in flames. [demonic ancestry]
  3856 | D:4      | Reached XP level 7. HP: 54/54 MP: 7/7
  3860 | D:4      | Killed a yak
  3863 | D:4      | Killed a yak
  3864 | D:4      | Reached skill level 6 in Axes
  3866 | D:4      | Killed a yak
  3867 | D:4      | Reached skill level 1 in Throwing
  3867 | D:4      | Gained mutation: A weak demonic guardian rushes to your
                  | aid. [demonic ancestry]
  3867 | D:4      | Reached XP level 8. HP: 59/61 MP: 8/8
  3885 | D:4      | Gained mutation: Your spells are a little harder to cast,
                  | but a little more powerful. [hidden potential]
  3885 | D:4      | Lost mutation: You have hidden genetic potential. [hidden
                  | potential expressed]
  3975 | D:5      | Entered Level 5 of the Dungeon
  4163 | D:4      | Reached skill level 7 in Axes
  4680 | D:5      | Reached skill level 5 in Fighting
  5034 | D:5      | Found a shimmering blue altar of Sif Muna.
  5140 | D:5      | Found a snail-covered altar of Cheibriados.
  5238 | D:5      | Reached skill level 5 in Armour
  5433 | D:5      | Found a hazy altar of Hepliaklqana.
  5455 | D:5      | Found a staircase to the Ecumenical Temple.
  5474 | Temple   | Entered the Ecumenical Temple
  5736 | Temple   | Became a worshipper of the Wu Jian Council
  5827 | D:5      | Found a runed translucent door.
  5828 | D:5      | Noticed Crazy Yiuf
  5896 | D:5      | Killed Crazy Yiuf
  6083 | D:6      | Reached XP level 9. HP: 57/68 MP: 9/9
  6182 | D:6      | Found a radiant altar of Vehumet.
  6182 | D:6      | Noticed Edmund
  6202 | D:6      | Killed Edmund
  6203 | D:6      | Reached skill level 5 in Shields
  6522 | D:6      | Found Nurghy's Armour Shop.
  6562 | D:6      | Noticed a cyclops
  6563 | D:6      | Noticed Eustachio
  6566 | D:6      | Found a transporter.
  6566 | D:6      | Noticed erylia's ghost (novice HuWn)
  6576 | D:6      | Killed Eustachio
  6577 | D:6      | Reached skill level 8 in Axes
  6760 | D:6      | Found a transporter.
  6979 | D:6      | Noticed Duvessa
  6979 | D:6      | Noticed Dowan
  6989 | D:6      | Killed Duvessa
  6989 | D:6      | Reached * piety under Wu Jian
  6992 | D:6      | Killed Dowan
  7086 | D:6      | Reached skill level 1 in Dodging
  7851 | D:7      | You fall into a shaft and drop 1 floor!
  7872 | D:8      | Identified the +8 hand axe "Abuqimucw" {holy, Int+3 Stlth+}
  8032 | D:7      | Found Qeolaexelo's Assorted Antiques.
  8189 | D:7      | Bought a scroll of identify for 74 gold pieces
  8189 | D:7      | Bought a scroll of identify for 74 gold pieces
  9698 | D:7      | Gained mutation: You have a sharp stinger which inflicts
                  | weakening toxins. [demonic ancestry]
  9698 | D:7      | Reached XP level 10. HP: 77/77 MP: 10/10
  9832 | D:8      | Reached skill level 9 in Axes
 11029 | D:9      | Reached ** piety under Wu Jian
 11554 | D:9      | Found a stormy altar of Qazlal.
 11829 | D:10     | Entered Level 10 of the Dungeon
 11944 | D:10     | Found a staircase to the Lair.
 11944 | D:10     | Noticed Maggie
 12138 | D:10     | Killed Maggie
 12346 | D:10     | Noticed a skeletal warrior
 12449 | D:10     | Noticed a five-headed hydra
 12463 | D:10     | Killed a five-headed hydra
 12464 | D:10     | Reached skill level 1 in Stealth
 12729 | D:10     | Reached skill level 1 in Maces & Flails
 13904 | D:10     | Reached XP level 11. HP: 85/85 MP: 11/11
 13924 | D:10     | Reached skill level 10 in Axes
 14101 | D:10     | Noticed a two-headed ogre
 14127 | D:10     | Reached *** piety under Wu Jian
 14138 | D:10     | Killed a two-headed ogre
 14477 | D:10     | Noticed a boulder beetle
 14489 | D:10     | Killed a boulder beetle
 14497 | D:10     | Identified the +5 scimitar "Ozacifuw" {spect, rF+ Int+3}
 14810 | D:8      | Upgraded the game from 0.29-a0-392-g297d3b089c to
                  | 0.29-a0-393-g47a863cc1b
 14823 | D:8      | Killed a skeletal warrior
 14824 | D:8      | Reached skill level 1 in Long Blades
 15168 | D:11     | Noticed a skeletal warrior
 15179 | D:10     | Killed a skeletal warrior
 15214 | D:11     | Noticed a skeletal warrior
 15214 | D:11     | Noticed a skeletal warrior
 15216 | D:11     | Noticed a skeletal warrior
 15229 | D:10     | Slain by a skeletal warrior

Illustrated notes

Levels and vault maps discovered:
D:1:      co_arrival_square_in_a_square_in_a_square, layout_basic,
          minmay_lizard_king
D:2:      minmay_wonky_spiral, layout_loops_ring, basic_altar,
          shapermc_ecumenical_altar_acropolis, serial_forest,
          infiniplex_forest_clump_medium, infiniplex_forest_lined_3,
          infiniplex_forest_join, infiniplex_forest_lined_2,
          infiniplex_forest_end_3, infiniplex_forest_corner_1,
          infiniplex_forest_end_1, infiniplex_forest_lined_2,
          minmay_small_reverse_x
D:3:      layout_basic, grunt_decor_one_mirror
D:4:      layout_rooms, trog_three_pillars_becter
D:5:      layout_cave_pools, mainiacjoe_overflow_alcove_4,
          lemuel_blue_sif_altar, marbit_many_paths,
          minmay_temple_entry_antechambers, serial_column_ruins,
          column_ruins_grid_2, column_ruins_grid_3, column_ruins_open_tiny,
          column_ruins_corridor_straight, column_ruins_columns_straight,
          column_ruins_open_small, kennysheep_nub, uniq_crazy_yiuf_cottage
D:6:      layout_layer_cave, nicolae_vehumet_radiance,
          nicolae_elyvilon_temple_path, gammafunk_ghost_arena, serial_shops,
          shop_fountains, glass_columns_a, hex_tiny, uniq_eustachio,
          uniq_duvessa, uniq_edmund
D:7:      layout_basic, serial_shops, nicolae_inconvenience_store
D:8:      layout_gridville
D:9:      layout_big_octagon, nicolae_qazlal_scattered_showers
D:10:     kennysheep_windowed_halls, layout_cave_pools, lair_entry_dummy,
          minmay_fractal_squares_diagonal_5, uniq_maggie
D:11:     layout_basic, kennysheep_orc_monster_closet_entryway,
          minmay_misc_feat_cross, nicolae_uskayaw_murder_on_the_dancefloor
Temple:   regret_index_temple_generic_petals

Skill      XL: |  1  2  3  4  5  6  7  8  9 10 11 |
---------------+----------------------------------+-----
Axes           | 2 3 4 5 6 7 8 9 10 | 10.6
Armour         | 3 4 5 6 7 |  7.9
Shields        | 3 4 6 7 |  7.9
Fighting       | 4 5 6 7 8 |  8.3
Throwing       | 1 |  1.3
Dodging        | 1 2 |  2.7
Stealth        | 1 |  1.7
Maces & Flails | 1 |  1.0
Long Blades    | 1 |  1.6

Action                   |  1- 3 |  4- 6 |  7- 9 | 10-12 || total
-------------------------+-------+-------+-------+-------++-------
Melee: War axe           |    95 |   175 |   279 |   327 ||   876
       Kick              |    20 |    62 |    86 |    56 ||   224
       Tailslap          |       |    29 |    34 |    60 ||   123
       Flail             |       |       |       |     8 ||     8
       Scimitar          |       |       |       |    26 ||    26
Throw: Dart              |       |    10 |       |     1 ||    11
       Boomerang         |       |       |       |     3 ||     3
Invok: Lunge             |       |       |    13 |    22 ||    35
       Whirlwind         |       |       |     7 |    47 ||    54
 Abil: Wall Jump         |       |       |       |    16 ||    16
  Use: Scroll            |     3 |     7 |     8 |     5 ||    23
       Potion            |     1 |     5 |       |       ||     6
 Stab: Distracted        |       |       |       |     1 ||     1
Armor: Scale mail        |    44 |       |       |       ||    44
       Plate armour      |     9 |    63 |   168 |    42 ||   282
       Swamp dragon scal |       |       |       |    78 ||    78
       Acid dragon scale |       |       |       |     3 ||     3
Dodge: Dodged            |    55 |    31 |    53 |   122 ||   261
Block: Buckler           |    28 |    54 |   147 |   182 ||   411
       Reflection        |       |       |     6 |    24 ||    30
       Kite shield       |       |       |       |    18 ||    18

Table legend: (Time is in decaauts)
 A = Elapsed time spent in this place.
 B = Non-inter-level travel time spent in this place.
 C = Inter-level travel time spent in this place.
 D = Time resting spent in this place.
 E = Time spent auto-exploring this place.
 F = Levels seen in this place.
 G = Mean time per level.
                   A        B        C        D        E       F      G
               +--------+--------+--------+--------+--------+-----+--------+
         Total |  15444 |  14918 |    526 |   2591 |   7940 |  12 | 1287.0 |
       Dungeon |  15152 |  14626 |    526 |   2591 |   7752 |  11 | 1377.5 |
        Temple |    291 |    291 |      0 |      0 |    188 |   1 |  291.0 |
               +--------+--------+--------+--------+--------+-----+--------+

Top non-repeatable levels by time:
     D:8: 2103 daAuts
     D:9: 2023 daAuts
    D:10: 1782 daAuts
     D:7: 1699 daAuts
     D:6: 1627 daAuts
     D:2: 1457 daAuts
     D:1: 1419 daAuts
     D:4: 1149 daAuts
     D:5: 1107 daAuts
     D:3: 739 daAuts
  Temple: 291 daAuts
    D:11: 42 daAuts
